 Dungeon Crawl Stone Soup version 0.29.0-4-gdea44cf6ec (webtiles) character file.

Game seed: 9055973305609743679

4 qw the Sneak (level 1, 0/14 HPs)
             Began as a Gargoyle Delver on Sept 10, 2022.
             Was an Initiate of Okawaru.
             Killed from afar by a dart slug (3 damage)
             ... with a slug dart
             ... on level 4 of the Dungeon.
             The game lasted 00:00:08 (176 turns).

qw the Sneak (Gargoyle Delver)                       Turns: 176, Time: 00:00:08

Health: 0/14       AC:  8    Str: 15    XL:     1   Next: 60%
Magic:  1/1        EV:  9    Int: 10    God:    Okawaru [......]
Gold:   0          SH:  0    Dex: 11    Spells: 0/0 levels left

rFire   . . .      SeeInvis .   Y - +0 hand axe
rCold   . . .      Faith    .   (no shield)
rNeg    + . .      Spirit   .   a - +0 scale mail
rPois   inf        Reflect  .   (no helmet)
rElec   +          Harm     .   (no cloak)
rCorr   .          Rampage  .   (no gloves)
Will    .....                   (no boots)
Stlth   +.........              (no amulet)
HPRegen 0.04/turn               (no ring)
MPRegen 0.07/turn               (no ring)

@: no status effects
A: sickness immunity, AC +2, negative energy resistance 1, electricity
resistance, torment resistance 1, petrification resistance
a: Renounce Religion


You were on level 4 of the Dungeon.
You worshipped Okawaru.
Okawaru was noncommittal.
You visited 2 branches of the dungeon, and saw 3 of its levels.


Innate Abilities, Weirdness & Mutations

You are immune to sickness and miasma.
Your stone body is resilient. (AC +2)
You are immune to poison.
You resist negative energy. (rN+)
You are resistant to electric shocks. (rElec)
You are resistant to unholy torment.
You are immune to petrification.


   Skills:
 - Level 3.2 Fighting
 + Level 2.1 Axes
 - Level 1.5 Dodging
 - Level 5.4 Stealth


You couldn't memorise any spells.
You didn't know any spells.
Your spell library was empty.

Inventory:

Hand Weapons
 Y - a +0 hand axe (weapon)
Armour
 a - a +0 scale mail (worn)
Wands
 g - a wand of digging (3)
Potions
 f - a potion of haste

Dungeon Overview and Level Annotations

Branches:
Dungeon (5/15)             Temple (1/1) D:5

Altars:
Ashenzari
Dithmenos
Fedhas
Gozag
Hepliaklqana
Kikubaaqudgha
Nemelex Xobeh
Okawaru
Qazlal
Sif Muna
Trog
Uskayaw
Vehumet
Wu Jian
Yredelemnul
Zin
The Shining One


Message History

Found a fluorescent wand.
An orc comes into view. It is wielding a +0 hand axe.
The orc shouts!
An orc comes into view. It is wielding a +0 whip.
166 ||| Stepping ~*~*~tactically~*~*~ (stealth).
An orc comes into view. It is wielding a +0 dagger.
An orc wizard comes into view. It is wielding a +1 dagger of venom.
The orc shouts!
An orc comes into view. It is wielding a +0 club.
A dart slug comes into view.
The orc wizard shouts!
The orc shouts!
You hit the orc.
The orc is heavily wounded.
The orc hits you with a +0 hand axe.
You hit the orc.
You kill the orc!
Okawaru accepts your kill.
Your Axes skill increases to level 2!
Things that are here:
a +0 hand axe; a +0 leather armour; an orc corpse You barely miss the orc wizard.
You hit the orc. You completely miss the orc. The orc hits you with a +0 club.
The orc hits you but does no damage.
You hit the orc.
You kill the orc!
Okawaru accepts your kill.
You barely miss the orc wizard. You barely miss the orc.
The orc wizard barely misses you.
You closely miss the orc wizard. You hit the orc. You closely miss the orc.
You hit the dart slug.
The orc wizard hits you with a +1 dagger of venom.
The orc hits you but does no damage. The orc barely misses you.
The orc wizard hits you with a +1 dagger of venom.
The orc hits you but does no damage. The orc hits you with a +0 club.
You hit the dart slug.
The dart slug is almost dead.
You closely miss the orc. You hit the orc.
You hit the orc wizard but do no damage.
The dart slug launches a dart at you. The slug dart hits you.
You die...

#.# ##.#######
####........#
####.....#####.#
.....##.## #.#
......#.# #.# ..
#..#.# #.####.##
..##....#
#>.......
......o@#
#.####.##
......woo# #.#
.........# #.#
##........ #.#
##....../. ..#
#........# ###
#.##...### #.
#...#


You could see an orc wizard, a dart slug and 2 orcs.

Vanquished Creatures
  2 orcs (D:4)
2 creatures vanquished.

Notes
Turn   | Place    | Note
-------+----------+-------------------------------------------
     0 | D:5      | qw the Gargoyle Delver began the quest for the Orb.
     0 | D:5      | Reached XP level 1. HP: 14/14 MP: 1/1
     0 | D:5      | 0 ||| qw: Version: 0.1-a-116-g5d60599
     0 | D:5      | 0 ||| qw: Game counter: 8243
     0 | D:5      | 0 ||| qw: Always use a shield: true
     0 | D:5      | 0 ||| qw: God list: Okawaru
     0 | D:5      | 0 ||| qw: Allow faded altars: false
     0 | D:5      | 0 ||| qw: Do Orc after D:15 true
     0 | D:5      | 0 ||| qw: Do second Lair branch before Depths: true
     0 | D:5      | 0 ||| qw: Lair rune preference: random
     0 | D:5      | 0 ||| qw: Plans: Normal
     0 | D:5      | 0 ||| PLANNING D:1-11
    11 | D:5      | Found a staircase to the Ecumenical Temple.
    12 | D:5      | 12 ||| PLANNING TEMPLE
    12 | D:5      | 12 ||| READING scroll labelled ARYCLA PAIVUST.
    13 | D:5      | 13 ||| DROPPING scroll of fog.
    14 | D:5      | 14 ||| DROPPING scroll of magic mapping.
    15 | D:5      | 15 ||| DROPPING scroll of fear.
    24 | Temple   | Entered the Ecumenical Temple
    24 | Temple   | Found a transporter.
    24 | Temple   | Found a transporter.
    26 | Temple   | Found a transporter.
    26 | Temple   | Found a transporter.
    36 | Temple   | 36 ||| PLANNING D:1-11
    41 | Temple   | Became a worshipper of Warmaster Okawaru
   126 | D:5      | 126 ||| UPGRADING to +0 scale mail.
   136 | D:5      | 136 ||| DROPPING +0 leather armour.
   166 | D:4      | 166 ||| Stepping ~*~*~tactically~*~*~ (stealth).
   167 | D:4      | Noticed an orc wizard
   175 | D:4      | HP: 3/14 [orc/+0 club (1)]
   176 | D:4      | Killed from afar by a dart slug

Levels and vault maps discovered:
D:4:      lemuel_castle_with_subvaults [lemuel_castle_interior_carwin_3],
          layout_loops_ring, elyvilon_altar_4, uniq_sigmund
D:5:      layout_loops_ring, minmay_temple_entry_poolview,
          chequers_serial_rivers_micro_b
Temple:   hellmonk_temple_divided_pantheon

Skill      XL: |  1 |
---------------+----+-----
Axes           | 2 |  2.1
Fighting       | |  3.2
Dodging        | |  1.5
Stealth        | |  5.4

Action                   || total
-------------------------++-------
Melee: Hand axe          ||     6
  Use: Scroll            ||     1
Armor: Scale mail        ||     3
Dodge: Dodged            ||     2

Table legend:
 A = Non-vault XP
 B = Vault XP
 C = Vault XP percentage of total XP
 D = Non-vault monster count
 E = Vault monster count
 F = Vault count percentage of total count
                 A         B        C        D         E       F
            +---------+---------+-------+---------+---------+-------
      Total |       6 |       0 |   0.0 |       2 |       0 |   0.0
            +---------+---------+-------+---------+---------+-------
        D:4 |       6 |       0 |   0.0 |       2 |       0 |   0.0
            +---------+---------+-------+---------+---------+-------
